[Event "Early-Titled-Tuesday-Blitz-January-16-2024"]
[Site "Chess.com"]
[Date "2024.01.16"]
[Round "10"]
[White "ChessBliss09"]
[Black "JCVanDamme10"]
[Result "1-0"]
[WhiteElo "2114"]
[BlackElo "2301"]
[TimeControl "180+1"]
[EndTime "9:58:13 PST"]
[Termination "ChessBliss09 won on time"]

1. Nf3 c5 2. c4 e6 3. Nc3 Nc6 4. g3 Nf6 5. Bg2 d5 6. cxd5 Nxd5 7. O-O Nxc3 8. bxc3 Be7 9. d4 O-O 10. Bb2 Na5 11. e3 Nc4 12. Qe2 Nxb2 13. Qxb2 cxd4 14. cxd4 Rb8 15. Rac1 Bd7 16. Ne5 f6 17. Nxd7 Qxd7 18.
Rc4 b5 19. Rc2 Rfc8 20. Rfc1 Rxc2 21. Rxc2 b4 22. Bc6 Qd6 23. Be4 Rb6 24. Rc8+ Bf8 25. Qc2 f5 26. Bf3 a5 27. Kg2 g5 28. h3 f4 29. Be4 Kg7 30. Bxh7 e5 31. dxe5 Qxe5 32. Rc7+ Be7 33. exf4 gxf4 34. gxf4 Qd6 35. Bf5 a4 36. Qb2+ Kg8 37. Rc8+ Bf8 38. Qc2 Qd5+ 39. Be4 Rg6+ 40. Kf3 1-0

[Event "Early-Titled-Tuesday-Blitz-January-16-2024"]
[Site "Chess.com"]
[Date "2024.01.16"]
[Round "10"]
[White "Lady_Nika"]
[Black "EvgenyBurmakin"]
[Result "0-1"]
[WhiteElo "2562"]
[BlackElo "2412"]
[TimeControl "180+1"]
[EndTime "9:58:14 PST"]
[Termination "EvgenyBurmakin won by resignation"]

1. e4 c5 2. Nc3 Nc6 3. g3 g6 4. Bg2 Bg7 5. d3 d6 6. f4 e6 7. Nf3 Nge7 8. O-O O-O 9. Rb1 d5 10. Ne2 dxe4 11. dxe4 Qxd1 12. Rxd1 b6 13. Be3 Ba6 14.
Kf2 Rfd8 15. a3 Rxd1 16. Rxd1 Bxb2 17. Rb1 Bg7 18. e5 Rd8 19. Ng5 Bxe2 20. Kxe2 Nd4+ 21. Bxd4 Rxd4 22. c3 Rd8 23. Ne4 Nd5 24. Rd1 c4 25.
Kf2 Rc8 26. Nd6 Rc5 27. Ne4 Ra5 28. Rd4 b5 29. Nd6 Nxc3 30. Nb7 Rxa3 31. Rd8+ Bf8 32. Nc5 Kg7 33. Nd7 Be7 34. Re8 Ra2+ 35. Kf1 Nd1 36. Bc6 Ne3+ 37. Kg1 c3 38. Nf6 Bxf6 39. exf6+ Kxf6 40. Bxb5 c2 41. Rc8 Ra1+ 42. Kf2 c1=Q 43. Rxc1 Rxc1 44. Kxe3 a5 0-1

[Event "Early-Titled-Tuesday-Blitz-January-16-2024"]
[Site "Chess.com"]
[Date "2024.01.16"]
[Round "10"]
[White "alekroth65"]
[Black "Cheer_Down"]
[Result "1-0"]
[WhiteElo "2368"]
[BlackElo "2494"]
[TimeControl "180+1"]
[EndTime "9:58:15 PST"]
[Termination "alekroth65 won by resignation"]

1. d4 Nf6 2. c4 e6 3. Nf3 d5 4. Bg5 Be7 5. e3 h6 6. Bxf6 Bxf6 7. Nc3 O-O 8. Bd3 c5 9. cxd5 cxd4 10. Nxd4 exd5 11.
O-O Nc6 12. Bc2 Nxd4 13. exd4 Be6 14. Qd3 g6 15. Qd2 Kg7 16. Bb3 Qb6 17. Rfd1 Rfd8 18. Rac1 Qb4 19. Qd3 Rac8 20. h3 a6 21. Ne2 Bf5 22.
Qd2 Qxd2 23. Rxd2 Rxc1+ 24. Nxc1 Bg5 25. Rd1 Rc8 26. Nd3 Bxd3 27. Rxd3 Bf6 28. Bxd5 Rd8 29.
Bxb7 Rxd4 30. Rxd4 Bxd4 31. Bxa6 Bxb2 32. a4 Bc3 33. Kf1 Kf8 34. Ke2 Ke7 35. Kd3 Be1 36.
f3 Kd6 37. Kc4 f5 38. Bb5 g5 39. Be8 f4 40. Bg6 Bd2 41. Be4 Kc7 42. Kb5 Kb8 43.
Kc6 Ka7 44. Kb5 Be1 45. a5 Bd2 46. a6 Be1 47. Bd3 Bd2 48. Kc6 Be1 49. Kd7 Bd2 50. Ke6 Be1 51. Kf5 Bh4 52. Kg6 Kb6 53. Kxh6 Ka7 54. Bf1 Kb6 55. Kh5 Ka7 56. g3 fxg3 57. Kg4 g2 58. Bxg2 Kxa6 59. f4 Be1 60. fxg5 Kb6 61.
Kf5 Bc3 62. Ke6 Kc7 63. h4 Be1 64. h5 Bh4 65. g6 1-0

[Event "Early-Titled-Tuesday-Blitz-January-16-2024"]
[Site "Chess.com"]
[Date "2024.01.16"]
[Round "10"]
[White "sergoy"]
[Black "Jospem"]
[Result "0-1"]
[WhiteElo "3017"]
[BlackElo "3093"]
[TimeControl "180+1"]
[EndTime "9:58:16 PST"]
[Termination "Jospem won on time"]

1. d4 Nf6 2. c4 e6 3. Nf3 Bb4+ 4.
Nbd2 O-O 5. a3 Be7 6. e4 d6 7.
Be2 Nfd7 8. b4 e5 9. d5 a5 10. Bb2 c5 11. b5 Nb6 12. O-O f5 13. exf5 Bxf5 14. Ne1 Qe8 15. Bg4 Qg6 16. Bxf5 Qxf5 17. a4 Bg5 18. Nef3 Bxd2 19. Nxd2 N8d7 20. Ra3 Nf6 21.
Rf3 Qd7 22. Rg3 Qf5 23. Rf3 Qg6 24. Rg3 Qh5 25. Qc2 Qh4 26. f4 exf4 27. Nf3 Qh6 28. Rg5 Rae8 29. Bc3 Nbd7 30. Rf5 Ng4 31. Rxf8+ Rxf8 32. Qe4 Qg6 33. Qxg6 hxg6 34. Re1 Ne3 35. Bxa5 Nxc4 36.
Bc3 Nf6 37. Nd2 Ne3 38. Bxf6 gxf6 39. Ne4 Ra8 40. Nxd6 Rxa4 41. Nxb7 Rb4 42. Nxc5 Rxb5 43. Ne4 Kg7 44. d6 Rd5 45. Rc1 g5 0-1

[Event "Early-Titled-Tuesday-Blitz-January-16-2024"]
[Site "Chess.com"]
[Date "2024.01.16"]
[Round "10"]
[White "Kotlyar_K"]
[Black "AlexandraSamaganova"]
[Result "0-1"]
[WhiteElo "2503"]
[BlackElo "2309"]
[TimeControl "180+1"]
[EndTime "9:58:17 PST"]
[Termination "AlexandraSamaganova won by resignation"]

1. e4 c5 2. Nf3 e6 3. d3 Nc6 4.
Nc3 g6 5. g3 Bg7 6. Bg2 Nge7 7.
O-O O-O 8. Nd2 d5 9. f4 dxe4 10. dxe4 e5 11. Ne2 Bg4 12. c3 Qd7 13. Qe1 Rad8 14.
Nf3 Qd3 15. h3 Be6 16. Ng5 Bc4 17. Rf2 h6 18. Nf3 Kh7 19. b3 Be6 20. Ba3 b6 21. fxe5 Nxe5 22. Nf4 Qd7 23. Nxe5 Bxe5 24. Nxe6 Qxe6 25. Rf3 Nc6 26. Qe2 Bg7 27. Raf1 Ne5 28. Re3 Rfe8 29. Bb2 c4 30. Rd1 cxb3 31. axb3 Qxb3 32.
Rxd8 Rxd8 33. Bf1 a5 34. c4 Qd1 35. Qxd1 Rxd1 36. Kg2 Nxc4 37. Bxc4 Bxb2 38. Rb3 Bd4 39. Rxb6 Bxb6 40. Bxf7 Kg7 41. Bd5 a4 42. Kf3 a3 43.
Kf4 Rxd5 44. exd5 a2 45. d6 a1=Q 46. d7 Qf6+ 47. Ke4 Bd8 48. Kd5 Qe7 49. Kc6 Qe6+ 0-1

[Event "Early-Titled-Tuesday-Blitz-January-16-2024"]
[Site "Chess.com"]
[Date "2024.01.16"]
[Round "10"]
[White "LoScecco"]
[Black "tusplingher"]
[Result "0-1"]
[WhiteElo "2262"]
[BlackElo "2483"]
[TimeControl "180+1"]
[EndTime "9:58:18 PST"]
[Termination "tusplingher won on time"]

1. c4 e5 2. Nc3 Nc6 3. g3 g6 4. Bg2 Bg7 5. d3 d6 6. e4 h5 7. h3 h4 8. g4 f5 9. exf5 gxf5 10. g5 Nge7 11. Nf3 Ng6 12. Nd5 Be6 13. Nf6+ Bxf6 14.
gxf6 Qxf6 15. Bg5 Qg7 16. Qd2 e4 17. dxe4 fxe4 18. Nh2 Kd7 19. O-O-O Rae8 20. Ng4 Bxg4 21. hxg4 Kc8 22. Be3 Nge5 23. Bxe4 Qxg4 24. Bd5 Nxc4 25. Bxc4 Qxc4+ 26. Kb1 h3 27. Rc1 Qe4+ 28. Ka1 h2 29.
Bf4 Qg2 30. Bg3 Kb8 31. Qf4 Ref8 32. Qa4 a6 33. a3 Rf5 34. Qb3 Rb5 35. Qc3 Rf8 36.
Rxh2 Qe4 37. Rh4 Qd5 38. Rc4 Rf3 39. Qh8+ Ka7 40. Qc8 Rfb3 41. R4c2 Qd4 42. Qxc7 Rxb2 0-1

[Event "Early-Titled-Tuesday-Blitz-January-16-2024"]
[Site "Chess.com"]
[Date "2024.01.16"]
[Round "10"]
[White "mbchess97"]
[Black "Payyappat"]
[Result "0-1"]
[WhiteElo "2325"]
[BlackElo "2447"]
[TimeControl "180+1"]
[EndTime "9:58:18 PST"]
[Termination "Payyappat won by checkmate"]

1. c4 c5 2. g3 Nf6 3. Bg2 Nc6 4.
Nf3 g6 5. Nc3 Bg7 6. d4 O-O 7.
d5 Nb8 8. O-O d6 9. e4 Nbd7 10.
Re1 e6 11. dxe6 Nb6 12. exf7+ Rxf7 13. e5 Ng4 14. Qxd6 Qxd6 15. exd6 Bd7 16. h3 Bc6 17. Ng5 Rxf2 18. Bxc6 Bd4 19. Be3 Nxe3 20. Kxf2 Nc2+ 21. Kg2 bxc6 22. Ne6 Kf7 23. d7 Nxd7 24. Ng5+ Kg8 25. Rad1 Nxe1+ 26. Rxe1 Nb6 27. Re7 Bf6 28. Re6 Bxg5 29.
Rxc6 Bd2 30. Ne4 Be3 31. b3 Bd4 32. Rc7 Re8 33. Nxc5 Bxc5 34. Rxc5 Re2+ 35. Kf3 Rxa2 36. Rc7 Ra3 37. Kf4 Rxb3 38. Rxa7 Nxc4 39. h4 Nd2 40. g4 Rf3+ 41. Kg5 Ne4+ 42. Kh6 Nf2 43. Ra8+ Rf8 44. Rxf8+ Kxf8 45. Kxh7 Kf7 46. h5 g5 47. Kh6 Kf6 48. Kh7 Nxg4 49. h6 Kf7 50. Kh8 Ne5 51. h7 Ng6# 0-1

[Event "Early-Titled-Tuesday-Blitz-January-16-2024"]
[Site "Chess.com"]
[Date "2024.01.16"]
[Round "10"]
[White "aistrel"]
[Black "falzehope0"]
[Result "1-0"]
[WhiteElo "2533"]
[BlackElo "2379"]
[TimeControl "180+1"]
[EndTime "9:58:19 PST"]
[Termination "aistrel won on time"]

1. d4 e6 2. e4 d5 3. Nc3 f5 4. exf5 exf5 5. Bf4 Nf6 6. Nb5 Na6 7. Nf3 Be7 8. a3 O-O 9. Bd3 Ne4 10. O-O c6 11. Nc3 Nc7 12. Ne5 Be6 13. Ne2 Ne8 14.
f3 Ng5 15. b4 Nd6 16. a4 a6 17. b5 Nc4 18. Bxc4 dxc4 19. bxc6 Bd5 20. c7 Qxc7 21. Ng6 Qd7 22. Nxf8 Rxf8 23. Nc3 Bf7 24. Be5 Rd8 25. Rb1 Bg6 26. a5 Nf7 27. f4 Nxe5 28. dxe5 Qc7 29. Qf3 Qxa5 30. Rxb7 Be8 31. h3 Qc5+ 32.
Qf2 Bc6 33. Rc7 Rd7 34. Rxd7 Bxd7 35. Qxc5 Bxc5+ 36. Kh2 Bc6 37. Rd1 Kf7 38. Rd8 Bb4 39. Rc8 Bd7 40. Rc7 Ke8 41. Nd5 Ba5 42. Ra7 Bc6 43.
Ne7 Bb5 44. Nxf5 Bb6 45. Rxg7 Bc6 46. e6 Kf8 47. Rxh7 Kg8 48. Rh6 1-0

[Event "Early-Titled-Tuesday-Blitz-January-16-2024"]
[Site "Chess.com"]
[Date "2024.01.16"]
[Round "10"]
[White "sokidze"]
[Black "AryanTari"]
[Result "1-0"]
[WhiteElo "2828"]
[BlackElo "2926"]
[TimeControl "180+1"]
[EndTime "9:58:20 PST"]
[Termination "sokidze won by resignation"]

1. d4 a6 2. e4 e6 3. Nf3 d5 4. Nbd2 c5 5. exd5 Qxd5 6. Bc4 Qd8 7. dxc5 Bxc5 8. O-O Nf6 9. Nb3 Qxd1 10. Rxd1 Be7 11. a4 Nc6 12. c3 Bd7 13. Be3 Rc8 14. Bf1 Nd5 15. Bc5 f6 16. Bxe7 Ncxe7 17. a5 e5 18. Nfd2 Be6 19. Ne4 Rc7 20. Nbc5 Bc8 21. Nd6+ Kf8 22.
Nxc8 Rxc5 23. Nxe7 Kxe7 24. b4 Nxc3 25. bxc5 Nxd1 26.
Rxd1 Rc8 27. Rb1 Rxc5 28. Rxb7+ Kf8 29. Bxa6 Rxa5 30. Bf1 h5 31. g3 Kg8 32. Bd3 g5 33.
Bc4+ Kh8 34. Rf7 Rc5 35. Be2 g4 36. Rxf6 Kg7 37. Ra6 Kf7 38. Kg2 e4 39. Ra4 Re5 40.
Bc4+ Kf6 41. Ra6+ Kg7 42. Re6 Ra5 43. Rxe4 Kf6 44. Rf4+ Kg5 45. Rd4 Ra4 46. Rd5+ Kf6 47. Bd3 h4 48. gxh4 1-0

[Event "Early-Titled-Tuesday-Blitz-January-16-2024"]
[Site "Chess.com"]
[Date "2024.01.16"]
[Round "10"]
[White "Elsa167"]
[Black "KNVB"]
[Result "1-0"]
[WhiteElo "2851"]
[BlackElo "2694"]
[TimeControl "180+1"]
[EndTime "9:58:21 PST"]
[Termination "Elsa167 won by checkmate"]

1. e4 c6 2. Ke2 Qa5 3. d3 Qh5+ 4. Ke1 Qxd1+ 5. Kxd1 Kd8 6. f4 f6 7. d4 d5 8. Nc3 e6 9. e5 Bd7 10. Nf3 Be8 11. Bd3 a5 12. Ne2 Na6 13. c3 Ne7 14. a4 Bg6 15. Kd2 Bxd3 16. Kxd3 c5 17.
Bd2 Kd7 18. g4 h5 19. h3 f5 20. gxf5 Nxf5 21. Rhg1 c4+ 22. Kc2 h4 23. Rab1 Nc7 24. b3 b5 25. axb5 Nxb5 26. Bc1 cxb3+ 27. Rxb3 Nc7 28.
Kd3 a4 29. Rb6 Be7 30. Bd2 Rhb8 31. Rxb8 Rxb8 32. Ra1 a3 33. Bc1 Nb5 34. c4 dxc4+ 35. Kxc4 Kc6 36. Kd3 Ra8 37. Ra2 Ra4 38. Nc3 Nxc3 39.
Kxc3 Kb5 40. Kd3 Kb4 41. Ra1 a2 42. Bb2 Kb3 43. Bc3 Bb4 44. Nd2+ Ka3 45. Nc4+ Kb3 46. Nd2+ Ka3 47. Kc2 Bxc3 48. Kxc3 Ne3 49. Nb1# 1-0

[Event "Early-Titled-Tuesday-Blitz-January-16-2024"]
[Site "Chess.com"]
[Date "2024.01.16"]
[Round "10"]
[White "Rodalquilar"]
[Black "Leebit02"]
[Result "0-1"]
[WhiteElo "2749"]
[BlackElo "2577"]
[TimeControl "180+1"]
[EndTime "9:58:22 PST"]
[Termination "Leebit02 won on time"]

1. d4 d5 2. Nf3 Nf6 3. Bf4 e6 4. e3 c5 5. c3 Be7 6. Nbd2 O-O 7.
Bd3 Nh5 8. Bxb8 Rxb8 9. Ne5 g6 10.
g4 Ng7 11. h4 f6 12. Nef3 e5 13. dxe5 Bxg4 14. Qc2 fxe5 15. Nxe5 Bf5 16. e4 dxe4 17. Nxe4 Kh8 18. O-O-O Qc7 19. f4 b5 20. Ng5 Bf6 21.
Bxf5 gxf5 22. Rd7 Qb6 23. Nef7+ Kg8 24. Nh6+ Kh8 25. Qxf5 Bxg5 26. Qxg5 Qg6 27. Rg1 Rf6 28. h5 Qxh6 29. Rxg7 Qxg5 30. R1xg5 Rxf4 31. Rxa7 c4 32. Rgg7 Rf1+ 33. Kd2 Rf2+ 34. Ke3 Rxb2 35. Rxh7+ Kg8 36. Rag7+ Kf8 37. h6 Re8+ 38. Kd4 Rd2+ 39. Kc5 Re5+ 40. Kb6 Re6+ 41. Kc7 Rxh6 42. Rf7+ Kg8 43. Rhg7+ Kh8 44. Rg1 Rxa2 45. Kb7 Rh3 46. Re1 Rg2 0-1

[Event "Early-Titled-Tuesday-Blitz-January-16-2024"]
[Site "Chess.com"]
[Date "2024.01.16"]
[Round "10"]
[White "Korchmar_Vasiliy"]
[Black "Statham_01"]
[Result "0-1"]
[WhiteElo "2734"]
[BlackElo "2564"]
[TimeControl "180+1"]
[EndTime "9:58:22 PST"]
[Termination "Statham_01 won on time"]

1. Nf3 d5 2. g3 Nc6 3. Bg2 e5 4. O-O f5 5. c4 d4 6. d3 Nf6 7. b4 e4 8. Ng5 h6 9. Nh3 Bxb4 10. Nd2 O-O 11. Nf4 g5 12. Nd5 Bxd2 13. Nxf6+ Qxf6 14. Bxd2 Qe7 15. Qb1 Ne5 16. dxe4 f4 17. gxf4 gxf4 18.
Qc1 Qh4 19. Kh1 c5 20. Rg1 Kh7 21. Qa3 Ng4 22. h3 Nxf2+ 23. Kh2 Ng4+ 24. Kh1 Ne3 25. Bxe3 fxe3 26. Qxc5 Bxh3 27. Qc7+ Bd7+ 28. Qh2 Qxh2+ 29. Kxh2 Rf2 30. Raf1 Raf8 31. Kg3 Rg8+ 32. Kh2 Be6 33. Rxf2 exf2 34. Rf1 Rf8 35. Kg3 Bxc4 36. a3 h5 37. e5 d3 38. exd3 Bxd3 39. Rxf2 h4+ 0-1

[Event "Early-Titled-Tuesday-Blitz-January-16-2024"]
[Site "Chess.com"]
[Date "2024.01.16"]
[Round "10"]
[White "Pastore1978"]
[Black "Kotofeyca"]
[Result "1-0"]
[WhiteElo "2297"]
[BlackElo "2404"]
[TimeControl "180+1"]
[EndTime "9:58:22 PST"]
[Termination "Pastore1978 won by checkmate"]

1. e4 c5 2. Nc3 d6 3. f4 g6 4. Nf3 Bg7 5. Bc4 Nc6 6. O-O Nf6 7. d3 Bg4 8. Qe1 Bxf3 9. Rxf3 Nd4 10. Rf2 Ng4 11.
Rd2 Ne3 12. Qxe3 Nxc2 13. Rxc2 Bd4 14. Bb5+ Kf8 15. Rf2 Bxe3 16. Bxe3 Qb6 17. f5 Kg7 18. f6+ exf6 19. Rxf6 Rhf8 20. Raf1 a6 21. Bc4 Qxb2 22. Rxf7+ Rxf7 23. Rxf7+ Kh8 24. Nd5 Qe2 25. h3 Rg8 26. Kh2 Qh5 27. Bf4 Qh4 28. Bxd6 Qg5 29. Nf6 Qh4 30. Rxh7+ Qxh7 31. Nxh7 Kxh7 32.
Bxg8+ Kxg8 33. Bxc5 Kf7 34. d4 Ke6 35. Bb6 Kd7 36. a4 Kc6 37. a5 Kb5 38. Kg3 Kc4 39.
Kg4 Kd3 40. e5 Ke4 41. e6 Kd5 42. e7 g5 43. e8=Q Kc4 44. Qd8 Kd3 45. Qxg5 Ke4 46. Qf4+ Kd3 47. Qf3+ Kc4 48. Qe2+ Kd5 49. Qe5+ Kc4 50.
Qc5+ Kd3 51. d5 Ke4 52. d6 Kd3 53. d7 Ke4 54. h4 Kd3 55. d8=Q+ Ke4 56. Qce7# 1-0

[Event "Early-Titled-Tuesday-Blitz-January-16-2024"]
[Site "Chess.com"]
[Date "2024.01.16"]
[Round "10"]
[White "LyonBeast"]
[Black "Hikaru"]
[Result "1/2-1/2"]
[WhiteElo "3166"]
[BlackElo "3227"]
[TimeControl "180+1"]
[EndTime "9:58:25 PST"]
[Termination "Game drawn by agreement"]

1. e4 e5 2. Nf3 Nc6 3. Bb5 Nf6 4. O-O Nxe4 5. d4 Nd6 6. Bxc6 dxc6 7. dxe5 Nf5 8. Qxd8+ Kxd8 9. Nc3 Bd7 10. Bf4 h6 11. Rad1 Kc8 12. h3 b6 13. Bh2 g5 14. Ne4 c5 15.
Rfe1 Be6 16. a3 a5 17. Nf6 Ne7 18. h4 g4 19. Nd2 Bg7 20. Nh5 Rg8 21. Nxg7 Rxg7 22.
Ne4 Nf5 23. h5 Kb7 24. Nf6 g3 25. fxg3 Nxg3 26. Rd3 Nf5 27. Bf4 Rh8 28. Kf2 Ne7 29. Rg3 Rxg3 30. Kxg3 Nd5 31. Bc1 Nxf6 32. exf6 Bd5 33.
Kf2 Be6 34. Re5 Kc6 35. Bf4 Kd7 36. Re3 Rg8 37. Rg3 Rg4 38. Bxh6 Rh4 39. Rg5 Rh1 40. Bg7 Ba2 41. Re5 Kd6 42. Rg5 Bb1 43. c3 Rc1 44.
Rg3 Rc2+ 45. Kg1 Re2 46. h6 Ke6 47. b4 cxb4 48. cxb4 axb4 49. axb4 c5 50. bxc5 bxc5 51. Bf8 Re1+ 52. Kh2 c4 53. Bb4 Re5 54. Rh3 Bh7 55. Bc3 Rd5 56. Re3+ Kf5 57. Rg3 Rd3 58. Rxd3 cxd3 59.
Kg3 Kg6 60. Bd2 Kxf6 61. Kf4 1/2-1/2

[Event "Early-Titled-Tuesday-Blitz-January-16-2024"]
[Site "Chess.com"]
[Date "2024.01.16"]
[Round "10"]
[White "CristianS27"]
[Black "Flaccidmoves"]
[Result "0-1"]
[WhiteElo "2605"]
[BlackElo "2465"]
[TimeControl "180+1"]
[EndTime "9:58:25 PST"]
[Termination "Flaccidmoves won by checkmate"]

1. e4 e5 2. Nf3 Nc6 3. Bc4 Nf6 4. d4 exd4 5. Ng5 d5 6. exd5 Ne5 7. Qxd4 Bd6 8. O-O h6 9. Ne4 Nxe4 10. Qxe4 f5 11. Qd4 Qf6 12. Be3 O-O 13. f4 Nxc4 14. Qxc4 Qxb2 15. Qc3 Qb5 16. Nd2 Qxd5 17. Nf3 Be6 18. Ne5 Rad8 19. Qd4 Qxd4 20. Bxd4 c5 21. Bc3 b5 22. a3 b4 23. axb4 cxb4 24. Bd4 Bxe5 25. Bxe5 Rd2 26. Rxa7 Rf7 27. Rxf7 Kxf7 28. Rf2 Rd1+ 29.
Rf1 Rd2 30. Rf2 Rd5 31. Re2 Rc5 32. Bd4 Rc4 33. Be5 Bd5 34. h4 Be4 35. Bd6 Kg6 36. Kh2 Kh5 37. Bf8 g6 38. g3 Kg4 39.
Kg1 Kxg3 40. Re3+ Bf3 41. Bxh6 Rxc2 42. Re1 Rg2+ 43. Kf1 Rf2+ 44. Kg1 b3 45. Rb1 Rh2 46. Rxb3 Rh1# 0-1

[Event "Early-Titled-Tuesday-Blitz-January-16-2024"]
[Site "Chess.com"]
[Date "2024.01.16"]
[Round "10"]
[White "Massakru"]
[Black "shirovin"]
[Result "1-0"]
[WhiteElo "2316"]
[BlackElo "1995"]
[TimeControl "180+1"]
[EndTime "9:58:26 PST"]
[Termination "Massakru won on time"]

1. e4 d5 2. exd5 Nf6 3. Bb5+ c6 4.
dxc6 bxc6 5. Bc4 Bg4 6. Nf3 e6 7. O-O Be7 8. d3 O-O 9. Nc3 Nbd7 10. Re1 Qc7 11. h3 Bh5 12. g4 Bg6 13. Bg5 Rfe8 14.
Qd2 Nb6 15. Bb3 Rad8 16. Bh4 Nfd5 17. Bg3 Bd6 18. Nxd5 cxd5 19. Kg2 Bxg3 20. fxg3 e5 21. Nh4 e4 22. Nxg6 hxg6 23. Qf4 Qxf4 24. gxf4 a5 25.
a4 f5 26. Rad1 Kf8 27. Kf2 d4 28. gxf5 e3+ 29. Ke2 gxf5 30. Rg1 Rd6 31. Rg5 Rf6 32. Rdg1 Re7 33. Rh5 Ke8 34. Rgg5 Rh6 35. Rxf5 Rxh5 36. Rxh5 Nd7 37. Rh8+ Nf8 38. Bd5 Rc7 39. c4 dxc3 40. bxc3 Rxc3 41. Kxe3 Rc5 42. Kd4 Rc1 43. h4 Rf1 44.
Ke5 Re1+ 45. Be4 Ra1 46. h5 Ke7 47. Rg8 Nd7+ 48. Kf5 Kf7 49. Bd5+ Ke7 50. Rxg7+ Kd6 51. Bc4 Nc5 52. h6 Rh1 53. h7 Nd7 54. Rg6+ Ke7 55.
Bg8 Nf8 56. Rg7+ Ke8 57. Ra7 1-0

[Event "Early-Titled-Tuesday-Blitz-January-16-2024"]
[Site "Chess.com"]
[Date "2024.01.16"]
[Round "10"]
[White "Mistango"]
[Black "viktorskliarov"]
[Result "0-1"]
[WhiteElo "2499"]
[BlackElo "2663"]
[TimeControl "180+1"]
[EndTime "9:58:27 PST"]
[Termination "viktorskliarov won on time"]

1. e4 c5 2. Nf3 Nc6 3. d3 g6 4. g3 Bg7 5. Bg2 e6 6. O-O Nge7 7. c3 d5 8. Re1 O-O 9. Nbd2 b5 10. Nb3 c4 11. Nbd4 a6 12. exd5 Nxd4 13. Nxd4 Nxd5 14. dxc4 bxc4 15. Qa4 Qc7 16. Qc6 Qxc6 17.
Nxc6 Bb7 18. Na5 Rab8 19. Nxc4 Ba8 20. Ne5 Rfc8 21. f4 h5 22. a3 a5 23. Ra2 a4 24.
Be3 Nxe3 25. Bxa8 Nc2 26. Re2 Rxa8 27. Rxc2 Bxe5 28. fxe5 Ra5 29. Re2 Rcc5 30. Ra1 Rxe5 31. Rae1 Rxe2 32. Rxe2 Rb5 33. Kf2 e5 34. Ke3 f5 35. Kd3 Kf7 36. Kc2 Ke6 37. Rd2 g5 38.
c4 Rc5 39. Kc3 f4 40. Kb4 Rc8 41. c5 f3 42. Kc4 e4 43. Rd6+ Kf5 44. Rd7 e3 45.
Kd3 e2 46. Kd2 Rxc5 47. h3 Re5 0-1

[Event "Early-Titled-Tuesday-Blitz-January-16-2024"]
[Site "Chess.com"]
[Date "2024.01.16"]
[Round "10"]
[White "sergeikim"]
[Black "elpatodice"]
[Result "1-0"]
[WhiteElo "2599"]
[BlackElo "2407"]
[TimeControl "180+1"]
[EndTime "9:58:28 PST"]
[Termination "sergeikim won by checkmate"]

1. d4 Nf6 2. c4 e6 3. Nc3 c5 4.
d5 exd5 5. cxd5 d6 6. e4 g6 7.
Nge2 Bg7 8. Ng3 O-O 9. Be2 h5 10.
Bg5 Nbd7 11. Qd2 a6 12. a4 Rb8 13. O-O Qa5 14. f4 Qb4 15. Kh1 Ne8 16. f5 Ne5 17.
Be7 h4 18. Bxh4 f6 19. a5 c4 20. Ra4 Qc5 21. fxg6 Nxg6 22. Rxc4 Qxa5 23. Rxc8 Rxc8 24.
Nf5 b5 25. Bh5 Nxh4 26. Nxh4 b4 27. Nd1 Qb5 28. Be2 Qc5 29. Nf5 a5 30. Qf4 Rf7 31.
Bh5 Ra7 32. Nde3 a4 33. Bg6 a3 34. bxa3 bxa3 35. Bxe8 Rxe8 36. Nxg7 Rxg7 37. Nf5 Rg6 38. Nxd6 Ra8 39. Qf5 Rg7 40. Qe6+ Kh8 41. Qxf6 a2 42. Nf5 Qc7 43. d6 Qf7 44. Qd4 Kh7 45. Ra1 Rg6 46.
h3 Qb3 47. Qe5 Qb1+ 48. Kh2 Rag8 49. Qe7+ Kh8 50. Qh4+ Rh6 51. Qxh6# 1-0

[Event "Early-Titled-Tuesday-Blitz-January-16-2024"]
[Site "Chess.com"]
[Date "2024.01.16"]
[Round "10"]
[White "NewYearGirl"]
[Black "Ezov"]
[Result "1-0"]
[WhiteElo "2380"]
[BlackElo "2223"]
[TimeControl "180+1"]
[EndTime "9:58:28 PST"]
[Termination "NewYearGirl won on time"]

1. e4 e6 2. d4 d5 3. Nc3 Bb4 4. e5 c5 5. a3 cxd4 6. axb4 dxc3 7.
bxc3 Qc7 8. Qd4 Nc6 9. Bb5 Ne7 10.
f4 Nf5 11. Qc5 Bd7 12. Bxc6 Qxc6 13. Qxc6 Bxc6 14. Nf3 a6 15. g4 Ne7 16. Nd4 Rc8 17. f5 Bd7 18. fxe6 Bxe6 19. Nxe6 fxe6 20. Ra3 Rc4 21.
h3 Re4+ 22. Kd1 Rxe5 23. b5 O-O 24. bxa6 bxa6 25. Rxa6 Ng6 26. Re1 Rxe1+ 27. Kxe1 e5 28. Rd6 Rf3 29. Rxd5 Rxc3 30. Bb2 Rxh3 31. c4 Rb3 32.
Rd2 Kf7 33. c5 Ke6 34. c6 Ne7 35. c7 Rb7 36. Rc2 Nc8 37. Ke2 g6 38. Ke3 Kd7 39. Bxe5 Rb3+ 40. Kf4 Rb4+ 41. Kg5 Rb5 42. Kf6 Rb6+ 43.
Kg7 Rb5 44. Bf6 Rb6 45. g5 Nd6 46. Kxh7 Ne8 47. c8=Q+ 1-0

[Event "Early-Titled-Tuesday-Blitz-January-16-2024"]
[Site "Chess.com"]
[Date "2024.01.16"]
[Round "10"]
[White "N4700000"]
[Black "dasatcu90"]
[Result "1-0"]
[WhiteElo "2414"]
[BlackElo "2260"]
[TimeControl "180+1"]
[EndTime "9:58:29 PST"]
[Termination "N4700000 won on time"]

1. e4 c6 2. d4 d5 3. exd5 cxd5 4. Nf3 Nf6 5. Ne5 e6 6. Bd3 Nc6 7. c3 Bd6 8. f4 Bd7 9. Nd2 Qc7 10. O-O a6 11.
Qe2 O-O 12. Ndf3 Rfd8 13. Ng5 Be8 14. Rf3 Ne7 15. Nxh7 Nxh7 16. Bxh7+ Kxh7 17. Rh3+ Kg8 18. Qh5 Ng6 19. Qh7+ Kf8 20. Bd2 Bxe5 21. fxe5 Ke7 22. Qxg7 Kd7 23. Bg5 Rdc8 24. Rf1 Kc6 25. Rh7 Kb6 26.
h4 Ne7 27. Bxe7 Qxe7 28. h5 Rc7 29. h6 Qh4 30. Qf6 Qxf6 31. Rxf6 Bb5 32. Rg7 Rh8 33. h7 Bd3 34. Rh6 Be4 35. Kf2 Kc6 36. Ke3 b5 37.
Kf4 Kb6 38. a3 a5 39. Kg5 b4 40.
axb4 axb4 41. cxb4 Rc2 42. Kf6 Rf2+ 43. Ke7 Rxb2 44. g4 Rxb4 45. Kxf7 Rxd4 46. g5 Bf5 47.
Rxe6+ Bxe6+ 48. Kxe6 Rf4 49. Kxd5 Rff8 50. g6 1-0

[Event "Early-Titled-Tuesday-Blitz-January-16-2024"]
[Site "Chess.com"]
[Date "2024.01.16"]
[Round "10"]
[White "bazar-wokzal"]
[Black "LaPiToB"]
[Result "1/2-1/2"]
[WhiteElo "2558"]
[BlackElo "2320"]
[TimeControl "180+1"]
[EndTime "9:58:30 PST"]
[Termination "Game drawn - insufficient material"]

1. e4 c6 2. d4 d5 3. f3 dxe4 4. fxe4 e5 5. Nf3 Bg4 6. c3 Nd7 7. Bd3 Bd6 8. O-O Ngf6 9. Be3 O-O 10. Nbd2 Qe7 11. Qc2 Rfe8 12. Rae1 Rad8 13. Nc4 Bb8 14. dxe5 Nxe5 15. Nfxe5 Bxe5 16. Nxe5 Qxe5 17. Bd4 Qe6 18. e5 Nd5 19. Bxh7+ Kh8 20. h3 Bh5 21. Bf5 Qh6 22. Qc1 Qxc1 23. Rxc1 b6 24. b4 c5 25. bxc5 bxc5 26.
Bxc5 Rxe5 27. Bxa7 Ra8 28. Bd4 Re2 29. Rf2 Raxa2 30. c4 Rxf2 31. Bxf2 Nf4 32. Rb1 Bg6 33. Bxg6 Nxg6 34. c5 Rc2 35. Rb8+ Kh7 36. Rc8 Ne5 37. Bg3 Nc4 38. Bf2 Ne5 39. Bd4 Nd3 40. c6 Nf4 41. c7 Ne2+ 42. Kh2 Nxd4 43. Rd8 Rxc7 44. Rxd4 Rc2 45.
Kg3 f6 46. Kf3 Kg6 47. Rd5 Rb2 48. h4 Rb3+ 49. Kf4 Rb4+ 50. Kg3 Rb3+ 51. Kg4 Rb4+ 52. Kh3 Rb3+ 53. g3 Kh6 54. Ra5 Kg6 55. Ra8 Rc3 56.
Rh8 Rb3 57. h5+ Kg5 58. Rh7 Rb7 59. h6 Kg6 60. Rxg7+ Rxg7 61. hxg7 Kxg7 62. Kg4 Kg6 63. Kf4 f5 64. g4 fxg4 65. Kxg4 1/2-1/2

[Event "Early-Titled-Tuesday-Blitz-January-16-2024"]
[Site "Chess.com"]
[Date "2024.01.16"]
[Round "10"]
[White "VeraVujovic"]
[Black "Chessbard1972"]
[Result "0-1"]
[WhiteElo "2233"]
[BlackElo "2388"]
[TimeControl "180+1"]
[EndTime "9:58:30 PST"]
[Termination "Chessbard1972 won by resignation"]

1. e4 c5 2. Nf3 a6 3. c3 d5 4. exd5 Qxd5 5. d4 Nf6 6. Na3 cxd4 7. Qxd4 Nc6 8. Qxd5 Nxd5 9. Bc4 Nf6 10. O-O Bf5 11.
Bf4 e6 12. b4 Be7 13. Bb3 O-O 14. Nc4 h6 15. a4 Nd5 16. Bd2 b5 17. Nce5 Nxe5 18.
Nxe5 Rac8 19. axb5 axb5 20. Bxd5 exd5 21. Rfe1 Bf6 22.
Ra5 Rfe8 23. f4 Rb8 24. g4 Be4 25. Nc6 Ra8 26. Rxb5 Ra2 27. Re2 Rc8 28. Rc5 Rca8 29. g5 hxg5 30. fxg5 Bxg5 31. Rxe4 Rxd2 32. Re1 Be3+ 33.
Kf1 Bxc5 34. bxc5 Rxh2 35. Ne7+ Kf8 36. Nxd5 Rh1+ 37. Ke2 Rxe1+ 38. Kxe1 Rc8 39. Nb6 Rc7 40. Kd2 Ke8 41. Na4 Kd7 42. Kd3 Kc6 43. Kc4 Ra7 44.
Nb6 Ra5 45. Nc8 Rxc5+ 46. Kd4 Rd5+ 47. Ke4 Rd7 48. Ke5 Kb7 49. Nd6+ Rxd6 50. Kxd6 Kc8 51. c4 f5 52. Ke5 g6 53. Kf4 Kc7 54. Ke5 Kc6 55.
Kd4 f4 56. Ke4 g5 57. Kd4 f3 58. Ke3 g4 59. Kf2 Kc5 60. Kg3 Kxc4 61. Kf2 Kd3 62. Kg3 Ke2 63. Kh2 g3+ 64. Kxg3 f2 0-1